 Dungeon Crawl Stone Soup version 0.27-a0-789-g6bb3289e1e (webtiles) character file.

Game seed: 3839710638296654554

5492 rjrrt the Cleaver (level 10, -3/90 HPs)
             Began as a Minotaur Berserker on Mar 26, 2021.
             Was a High Priest of Trog.
             Slain by a wyvern (13 damage)
             ... on level 8 of the Dungeon.
             The game lasted 00:15:05 (8110 turns).

rjrrt the Cleaver (Minotaur Berserker)              Turns: 8110, Time: 00:15:06

Health: -3/90      AC: 10    Str: 25    XL:     10   Next: 42%
Magic:  9/9        EV: 10    Int: 10    God:    Trog [*****.]
Gold:   693        SH:  0    Dex: 10    Spells: 9/9 levels left

rFire    . . .     SeeInvis .   a - +0 war axe
rCold    . . .     Faith    .   (no shield)
rNeg     . . .     Spirit   .   s - +2 chain mail {Will+}
rPois    .         Reflect  .   (helmet restricted)
rElec    .         Harm     .   j - +0 cloak
rCorr    .         Rampage  .   (no gloves)
Will     +....                  (no boots)
Stlth    ..........             (no amulet)
HPRegen  0.25/turn              r - +6 ring of intelligence
MPRegen  0.11/turn              (no ring)

@: corroded, berserk cooldown, hasted and slowed
A: horns 2, retaliatory headbutt
a: Renounce Religion, Berserk, Trog's Hand, Brothers in Arms


You were on level 8 of the Dungeon.
You worshipped Trog.
Trog was extremely pleased with you.
You visited 1 branch of the dungeon, and saw 8 of its levels.
You also visited: Ossuary.

You collected 693 gold pieces.

Inventory:

Hand Weapons
 a - a +0 war axe (weapon)
 f - a +1 hand axe of flaming
 k - a +0 trident
Missiles
 e - 24 poisoned darts (quivered)
 y - 8 javelins
Armour
 j - a +0 cloak (worn)
 s - a +2 chain mail of willpower (worn)
Jewellery
 r - a +6 ring of intelligence (right hand)
 w - a +6 ring of intelligence
Wands
 h - a wand of acid (5)
 t - a wand of random effects (18)
Scrolls
 c - 2 scrolls of enchant weapon {unknown}
 d - 2 scrolls of teleportation
 i - 5 scrolls of acquirement {unknown}
 m - a scroll of enchant armour {unknown}
 u - 2 scrolls of vulnerability {unknown}
Potions
 b - 7 potions of curing
 g - a potion of brilliance {unknown}
 l - a potion of resistance {unknown}
 n - 2 potions of attraction {unknown}
 o - 2 potions of cancellation {unknown}
 p - a potion of lignification {unknown}
 q - 2 potions of mutation {unknown}
 v - 4 potions of haste
 x - a potion of heal wounds {unknown}
 z - a potion of flight {unknown}


   Skills:
 + Level 8.4 Fighting
 * Level 12.8 Axes
 + Level 7.8 Armour
 + Level 7.2 Dodging
 + Level 3.1 Evocations


You had 9 spell levels left.
You didn't know any spells.
Your spell library was empty.

Dungeon Overview and Level Annotations

Branches:
Dungeon (8/15)             Temple (0/1) D:7         Ossuary (visited)
   Lair: D:8-11

Altars:
Ashenzari
Dithmenos
Fedhas
Gozag
Hepliaklqana
Nemelex Xobeh
Qazlal
Xom
Yredelemnul
Zin

Shops:
D:5 =


Innate Abilities, Weirdness & Mutations

You have a pair of horns on your head.
You reflexively headbutt those who attack you in melee.


Message History

Trog accepts your kill.
Unknown command.
You barely miss the wyvern.
You headbutt the wyvern, but do no damage.
Your chain mail prevents you from hitting the wyvern.
You headbutt the wyvern, but do no damage.
The wyvern bites you!
* * * LOW HITPOINT WARNING * * *
Unknown command.
You slash the wyvern!
The wyvern is moderately wounded.
The wyvern barely misses you.
You hit the wyvern.
The wyvern is moderately wounded.
The wyvern barely misses you.
You slash the wyvern!
The wyvern is severely wounded.
The wyvern barely misses you.
You barely miss the wyvern. Your headbutt misses the wyvern.
The wyvern is severely wounded.
The wyvern bites you but does no damage.
You closely miss the wyvern. Your headbutt misses the wyvern.
The wyvern is severely wounded.
The wyvern bites you but does no damage.
A wyvern comes into view.
You barely miss the wyvern.
The wyvern is severely wounded.
You are no longer berserk.
You are exhausted.
You feel yourself slow down. The wyvern bites you.
* * * LOW HITPOINT WARNING * * *
You barely miss the wyvern. Your headbutt misses the wyvern.
The wyvern is severely wounded.
The wyvern barely misses you.
The wyvern bites you but does no damage.
Unknown command.
You feel yourself speed up. The wyvern bites you!
* * * LOW HITPOINT WARNING * * *
The wyvern bites you!
You die...

.# ##.........##
.###...........#
.##......≈.....###
.##............'.#
.#......(......#.#
.#.....)≈).....#.#
.#.............#.#
.))...........##.#
##.....≈......##@####
#...........##..llY#
##.........######Yl...#
##......### Y......
######## P......
...S... ....... .......
...YP..


You could see 3 yaks, a basilisk, a water moccasin and 2 wyverns.

Vanquished Creatures
  Pikel (D:5)
  Joseph (D:7)
  A wyvern (D:8)
  Eustachio (D:6)
  A yak (D:7)
  2 steam dragons (D:8)
  Duvessa (D:5)
  3 water moccasins
  2 sky beasts
  2 orc warriors
  An ice beast (D:7)
  A black bear (D:6)
  3 necrophages
  2 ogres
  2 hornet zombies
  2 centaurs (D:8)
  A lemure (D:5)
  2 kobold brigands
  2 elf zombies (Ossuary)
  Blork the orc (D:5)
  3 bullfrogs
  A wyvern zombie (D:6)
  A wyvern skeleton (D:5)
  4 scorpions
  Dowan (D:5)
  3 wights (D:6)
  4 killer bees (D:4)
  2 howler monkeys
  A bullfrog zombie (D:7)
  A centaur zombie (D:3)
  A human zombie (Ossuary)
  A hound (D:7)
  3 jellies
  4 bullfrog skeletons
  A centaur skeleton (D:5)
  An orc priest (D:6)
  Crazy Yiuf (D:2)
  Jessica (D:3)
  An iguana (D:6)
  10 orc wizards
  A hound skeleton (D:4)
  2 mummies (Ossuary)
  14 gnolls
  6 adders
  A howler monkey skeleton (D:6)
  2 shadow imps
  A white imp (D:5)
  An ufetubus (D:5)
  2 worms
  3 dart slugs
  11 orcs
  4 endoplasms
  8 giant cockroaches
  2 gnoll zombies (Ossuary)
  5 hobgoblins
  4 jackals (D:1)
  10 kobolds
  2 quokkas
  7 ball pythons
  5 bats
  5 frilled lizards
  10 goblins
  3 goblin zombies (Ossuary)
  2 hobgoblin zombies (Ossuary)
  4 orc zombies (Ossuary)
  4 rats
196 creatures vanquished.

Vanquished Creatures (others)
  3 fungi (D:8)
  18 plants (D:8)
21 creatures vanquished.

Grand Total: 217 creatures vanquished

Notes
Turn   | Place    | Note
-------+----------+-------------------------------------------
     0 | D:1      | rjrrt the Minotaur Berserker began the quest for the Orb.
     0 | D:1      | Reached XP level 1. HP: 19/19 MP: 0/0
    38 | D:1      | Reached skill level 4 in Axes
    90 | D:1      | Reached XP level 2. HP: 14/26 MP: 1/1
   577 | D:1      | Reached skill level 5 in Axes
   651 | D:1      | Reached ** piety under Trog
   690 | D:1      | Reached XP level 3. HP: 30/31 MP: 2/2
  1028 | D:2      | Found a faded altar of an unknown god.
  1124 | D:2      | Reached skill level 6 in Axes
  1124 | D:2      | Reached XP level 4. HP: 39/39 MP: 3/3
  1630 | D:2      | Found a stormy altar of Qazlal.
  1677 | D:2      | Found a runed translucent door.
  1678 | D:2      | Noticed Crazy Yiuf
  1684 | D:2      | Killed Crazy Yiuf
  1845 | D:3      | Reached skill level 7 in Axes
  1845 | D:3      | Reached XP level 5. HP: 45/45 MP: 4/4
  1898 | D:3      | Noticed Jessica
  1907 | D:3      | Killed Jessica
  2208 | D:3      | Found an opulent altar of Gozag.
  2279 | D:3      | Reached skill level 8 in Axes
  2526 | D:3      | You fall into a shaft and drop 1 floor!
  2526 | D:4      | Found a shadowy altar of Dithmenos.
  2529 | D:4      | Reached XP level 6. HP: 52/52 MP: 5/5
  2908 | D:4      | Reached *** piety under Trog
  2984 | D:4      | Reached XP level 7. HP: 60/60 MP: 6/6
  3419 | D:4      | Reached skill level 9 in Axes
  3827 | D:5      | Entered Level 5 of the Dungeon
  3827 | D:5      | Noticed Blork the orc
  3827 | D:5      | Noticed Duvessa
  3827 | D:5      | Noticed Dowan
  3857 | D:5      | Reached skill level 5 in Fighting
  3964 | D:5      | Reached XP level 8. HP: 68/68 MP: 7/7
  3967 | D:5      | Noticed Pikel
  3980 | D:5      | Killed Pikel
  3981 | D:5      | Reached skill level 10 in Axes
  3981 | D:5      | Reached skill level 5 in Armour
  4030 | D:5      | Killed Blork the orc
  4079 | D:5      | Reached skill level 5 in Dodging
  4173 | D:5      | Killed Dowan
  4176 | D:5      | Killed Duvessa
  4392 | D:5      | Found a faded altar of an unknown god.
  4392 | D:5      | Found a hazy altar of Hepliaklqana.
  4394 | D:5      | Found a faded altar of an unknown god.
  4394 | D:5      | Found a faded altar of an unknown god.
  4429 | D:5      | Found Itaileps's Jewellery Shoppe.
  4535 | D:5      | Reached **** piety under Trog
  4662 | D:6      | Reached XP level 9. HP: 65/78 MP: 8/8
  4666 | D:6      | Reached skill level 11 in Axes
  5134 | D:6      | Found a shimmering altar of Xom.
  5359 | D:6      | Found a blossoming altar of Fedhas.
  5622 | D:6      | Noticed Eustachio
  5635 | D:6      | Killed Eustachio
  5879 | D:6      | Found a broken altar of Ashenzari.
  5970 | D:6      | Reached skill level 1 in Evocations
  6366 | D:7      | Found a sand-covered staircase.
  6376 | Ossuary  | Entered an ossuary
  6565 | Ossuary  | Reached skill level 12 in Axes
  6736 | D:7      | Found a sparkling altar of Nemelex Xobeh.
  6815 | D:7      | Noticed Joseph
  6845 | D:7      | Killed Joseph
  7128 | D:7      | Reached XP level 10. HP: 82/88 MP: 9/9
  7168 | D:7      | Found a basalt altar of Yredelemnul.
  7198 | D:7      | Reached ***** piety under Trog
  7263 | D:7      | Found a glowing silver altar of Zin.
  7426 | D:7      | Found a staircase to the Ecumenical Temple.
  8110 | D:8      | Slain by a wyvern

Illustrated notes

Levels and vault maps discovered:
D:1:      giann_forest_graveyard, layout_rooms, minmay_misc_feat_more_columns,
          minmay_worlds_worst_comb
D:2:      layout_loops_ring, marbit_many_paths,
          chequers_ecumenical_altar_simple_redux, uniq_crazy_yiuf_cottage
D:3:      layout_loops_cross, nicolae_gozag_seed_capital, uniq_jessica
D:4:      layout_gridville, nicolae_dithmenos_the_darkroom, uniq_robin
D:5:      layout_rooms, nicolae_hepliaklqana_ecumenical_no_more, serial_shops,
          shop, uniq_blork_the_orc, uniq_pikel, uniq_duvessa
D:6:      layout_gridville, general_overflow_altar, kennysheep_mini,
          nicolae_overflow_crystal_walls, uniq_eustachio
D:7:      layout_basic, lemuel_doored_altar, zin_statuary, lemuel_round_altar,
          minmay_temple_entry_antechambers,
          lightli_ossuary_entry_decrepit_ruins, uniq_joseph
D:8:      layout_basic, minmay_lair_entry_grove, gammafunk_ghost_cemetery,
          kennysheep_potato, uniq_harold

Skill      XL: |  1  2  3  4  5  6  7  8  9 10 |
---------------+-------------------------------+-----
Axes           | 4 5 6 7 8 9 10 12 | 12.8
Fighting       | 4 5 6 7 8 |  8.4
Armour         | 3 4 5 7 |  7.8
Dodging        | 3 4 5 6 7 |  7.2
Evocations     | 2 3 |  3.1

Action                   |  1- 3 |  4- 6 |  7- 9 | 10-12 || total
-------------------------+-------+-------+-------+-------++-------
Melee: Hand axe          |    77 |   123 |    72 |       ||   272
       Headbutt          |    12 |    24 |    81 |    12 ||   129
       War axe           |       |       |   275 |    83 ||   358
Throw: Dart              |       |       |     3 |       ||     3
Invok: Berserk           |       |     3 |     7 |     2 ||    12
  Use: Scroll            |       |       |     4 |       ||     4
       Potion            |       |       |       |     1 ||     1
Armor: Animal skin       |     2 |       |       |       ||     2
       Scale mail        |    26 |    15 |       |       ||    41
       Chain mail        |       |    49 |   126 |    66 ||   241
Dodge: Dodged            |    61 |    50 |   125 |    35 ||   271

Table legend: (Time is in decaauts)
 A = Elapsed time spent in this place.
 B = Non-inter-level travel time spent in this place.
 C = Inter-level travel time spent in this place.
 D = Time resting spent in this place.
 E = Time spent auto-exploring this place.
 F = Levels seen in this place.
 G = Mean time per level.
                   A        B        C        D        E       F      G
               +--------+--------+--------+--------+--------+-----+--------+
         Total |   8182 |   7948 |    234 |   1230 |   4982 |   9 |  909.1 |
       Dungeon |   7921 |   7687 |    234 |   1165 |   4941 |   8 |  990.1 |
       Ossuary |    261 |    261 |      0 |     65 |     41 |   1 |  261.0 |
               +--------+--------+--------+--------+--------+-----+--------+

Top non-repeatable levels by time:
     D:6: 1627 daAuts
     D:7: 1304 daAuts
     D:3: 1047 daAuts
     D:1: 996 daAuts
     D:4: 958 daAuts
     D:2: 856 daAuts
     D:5: 798 daAuts
     D:8: 332 daAuts
 Ossuary: 261 daAuts
